 Dungeon Crawl Stone Soup version 0.30.1-3-gfc49f6343a (webtiles) character file.

Game seed: 15519079670202289232

21 booth the Trooper (level 2, 0/24 HPs)
             Began as a Demonspawn Monk on Aug 8, 2023.
             Slain by a hobgoblin (3 damage)
             ... on level 1 of the Dungeon.
             The game lasted 00:02:20 (349 turns).

booth the Trooper (Demonspawn Monk)                  Turns: 349, Time: 00:02:20

Health: 0/24       AC:  2    Str: 11    XL:     2   Next: 65%
Magic:  2/2        EV: 13    Int: 11    God:
Gold:   23         SH:  0    Dex: 15    Spells: 1/1 levels left

rFire   . . .        a - +0 hand axe
rCold   . . .        d - orb {light}
rNeg    . . .        b - +0 robe
rPois   .            (no helmet)
rElec   .            (no cloak)
rCorr   .            (no gloves)
SInv    .            (no boots)
Will    .....        (no amulet)
Stlth   +            (no ring)
HPRegen 0.24/turn    (no ring)
MPRegen 0.08/turn

%: no passive effects
@: glowing
A: hooves 1
a: no special abilities


You were on level 1 of the Dungeon.
You visited 1 branch of the dungeon, and saw 1 of its levels.

You collected 23 gold pieces.

Inventory:

Hand Weapons
 a - a +0 hand axe (weapon)
 f - a +0 mace
Armour
 b - a +0 robe (worn)
 d - an orb of light (worn)
Potions
 c - a potion of ambrosia
 e - a potion of invisibility {unknown}


   Skills:
 + Level 3.3 Fighting
 + Level 3.0 Axes
 + Level 3.0 Dodging


You had one spell level left.
You didn't know any spells.
Your spell library contained the following spells:

 Spells                   Type           Power      Damage    Failure   Level
 Gell's Gravitas          Tloc           0%         N/A       71%         3
 Teleport Other           Tloc           0%         N/A       71%         3
 Dispersal                Tloc           0%         N/A       100%        6


Dungeon Overview and Level Annotations

Branches:
Dungeon (1/15)

Altars:


Innate Abilities, Weirdness & Mutations

You have large cloven feet.


Message History

You completely miss the jackal. You hit the jackal but do no damage.
The jackal bites you.
The jackal bites you but does no damage.
The jackal barely misses you. The jackal bites you.
You hit the jackal.
The jackal is moderately wounded.
You barely miss the jackal. The jackal bites you. The jackal misses you.
You hit the jackal. You kick the jackal.
The jackal is almost dead.
You barely miss the jackal. The jackal bites you.
The jackal closely misses you. The jackal barely misses you.
The jackal misses you.
You barely miss the jackal. Your kick misses the jackal.
The jackal is almost dead.
You hit the jackal but do no damage. The jackal barely misses you.
The jackal closely misses you.
You hit the jackal but do no damage.
The jackal is almost dead.
You hit the jackal but do no damage. The jackal closely misses you. x2
The jackal barely misses you.
The jackal bites you but does no damage.
You hit the jackal.
You kill the jackal!
You hit the jackal. The jackal closely misses you. The quokka bites you.
You barely miss the quokka. You kick the quokka.
The quokka is severely wounded.
You barely miss the jackal. The jackal closely misses you.
The quokka closely misses you. The jackal bites you.
You hit the quokka.
You kill the quokka!
You hit the jackal.
You kill the jackal!
The quokka bites you.
* * * LOW HITPOINT WARNING * * *
You completely miss the quokka. You hit the hobgoblin.
The hobgoblin closely misses you. The quokka bites you.
* * * LOW HITPOINT WARNING * * *
You closely miss the quokka. You hit the hobgoblin but do no damage.
The hobgoblin hits you.
You die...

.........#
.........#
.........#
...>...).
.........
........#
#....gr#
#.##@#####
#.##.....#
#.###....#
#.#. ###.#
#....#
#.#.#...#.#
#....# #####..
....#.###....#
....... ..#
#........#
......##.#
#..#######
...##....#
#..#


You could see a quokka and a hobgoblin.

Vanquished Creatures
  A dart slug (D:1)
  3 bats (D:1)
  A goblin (D:1)
  2 hobgoblins (D:1)
  4 jackals (D:1)
  A quokka (D:1)
  2 ball pythons (D:1)
  2 kobolds (D:1)
16 creatures vanquished.

Notes
Turn   | Place    | Note
-------+----------+-------------------------------------------
     0 | D:1      | booth the Demonspawn Monk began the quest for the Orb.
     0 | D:1      | Reached XP level 1. HP: 18/18 MP: 1/1
   211 | D:1      | Gained mutation: You have large cloven feet. [demonic
                  | ancestry]
   211 | D:1      | Reached XP level 2. HP: 24/24 MP: 2/2
   349 | D:1      | Slain by a hobgoblin

Illustrated notes

Levels and vault maps discovered:
D:1:      minmay_arrival_floating_metal, layout_rooms, st_stairs_5,
          minmay_heptomino_w4

Skill      XL: |  1  2 |
---------------+-------+-----
Axes           | 3 |  3.0
Dodging        | 3 |  3.0
Fighting       | |  3.3

Action                     || total
---------------------------++-------
  Melee: Hand axe          ||    42
         Kick              ||     8
 Armour: Robe              ||     7
  Dodge: Dodged            ||    31
